 Dungeon Crawl Stone Soup version 0.19.4-8-ga85b6b9 (webtiles) character file.

8732 protoss039 the Cleaver (level 11, -2/148 HPs)
             Began as a Minotaur Berserker on Feb 7, 2017.
             Was a High Priest of Trog.
             Slain by a skeletal warrior
             ... wielding a +0 dire flail
              (16 damage)
             ... on level 11 of the Dungeon.
             The game lasted 00:28:44 (10268 turns).

protoss039 the Cleaver (Minotaur Berserker)        Turns: 10268, Time: 00:28:44

Health: -2/148     AC: 19    Str: 29    XL:     11   Next: 13%
Magic:  10/10      EV: 10    Int:  4    God:    Trog [*****.]
Gold:   736        SH:  0    Dex: 14    Spells: 0 memorised, 10 levels left

rFire  . . .     SeeInvis .     a - +1 hand axe
rCold  . . .     Gourm    .     x - +1 plate armour
rNeg   . . .     Faith    .     (no shield)
rPois  .         Spirit   .     M - +0 hat
rElec  .         Reflect  .     G - +0 cloak (curse)
rCorr  .         Harm     .     (no gloves)
MR     ++...                    L - +0 pair of boots
Stlth  ..........               (no amulet)
                                (no ring)
                                E - +3 ring of dexterity

@: berserking (expiring), regenerating, very quick
A: retaliatory headbutt, horns 2
a: Berserk, Trog's Hand, Brothers in Arms, Burn Spellbooks, Renounce Religion


You were on level 11 of the Dungeon.
You worshipped Trog.
Trog was extremely pleased with you.
You were near starving.

You visited 1 branch of the dungeon, and saw 11 of its levels.
You also visited: Sewer.

You collected 736 gold pieces.

Inventory:

Hand Weapons
 a - a +1 hand axe (weapon)
 F - a +2 whip of flaming
Missiles
 v - 3 tomahawks of returning (quivered)
Armour
 x - a +1 plate armour (worn)
 A - the +1 leather armour of Iveydgh {-Cast Str+4 SInv}
   (You found it on level 5 of the Dungeon)

   It affects your strength (+4).
   It lets you see invisible.
   It prevents spellcasting.
 G - a cursed +0 cloak (worn)
 L - a +0 pair of boots (worn)
 M - a +0 hat (worn)
Jewellery
 y - an uncursed ring of ice
 E - a +3 ring of dexterity (left hand)
 Q - a +5 ring of intelligence
Wands
 j - a wand of lightning (12/15)
 s - a wand of lightning (6/15)
 D - a wand of flame (23/48)
 R - a wand of slowing (28/48)
Scrolls
 b - 2 scrolls of fog
 f - 5 scrolls of recharging
 h - 4 scrolls of teleportation
 l - a scroll of enchant armour
 u - 5 scrolls of identify
 B - 4 scrolls of enchant weapon
 K - a scroll of magic mapping
 N - a scroll of noise {unknown}
 S - 3 scrolls of remove curse
 T - a scroll of random uselessness {unknown}
 U - a scroll of holy word {unknown}
 V - a scroll of blinking {unknown}
Potions
 e - 5 potions of curing {unknown}
 i - 4 potions of haste {unknown}
 m - 2 potions of heal wounds
 n - a potion of cure mutation {unknown}
 o - 2 potions of flight
 q - 4 potions of degeneration {unknown}
 r - a potion of beneficial mutation {unknown}
 w - 3 potions of magic {unknown}
 z - 3 potions of agility {unknown}
 C - 2 potions of berserk rage {unknown}
 H - a potion of lignification {unknown}
 I - 2 potions of brilliance {unknown}
 J - a potion of mutation {unknown}
Books
 O - a book of Transfigurations

   Spells                             Type                      Level
   a - Irradiate                      Conjuration/Transmutation    5
   b - Statue Form                    Transmutation/Earth          6
   c - Hydra Form                     Transmutation                6
   d - Dragon Form                    Transmutation                7
   Trog disapproves of the use of such an item.
 P - a book of Misfortune

   Spells                             Type                      Level
   a - Confusing Touch                Hexes                        1
   b - Confuse                        Hexes                        3
   c - Gell's Gravitas                Hexes/Translocation          3
   d - Petrify                        Transmutation/Earth          4
   e - Metabolic Englaciation         Hexes/Ice                    5
   f - Yara's Violent Unravelling     Hexes/Transmutation          5
   Trog disapproves of the use of such an item.
Comestibles
 c - 9 bread rations
 d - 11 meat rations
 g - 8 beef jerkies
 k - 11 fruits
 p - 8 chunks of flesh
 t - 2 slices of pizza


   Skills:
 + Level 10.1 Fighting
 + Level 13.5 Axes
 + Level 12.0 Armour
 + Level 3.8 Dodging
 - Level 0.1 Stealth


You had 10 spell levels left.
You didn't know any spells.

Dungeon Overview and Level Annotations

Branches:
Dungeon (11/15)            Temple (0/1) D:7            Lair (0/6) D:8
    Orc (0/2) D:9

Altars:
Ashenzari
Gozag
Hepliaklqana
Kikubaaqudgha
Ru
Sif Muna
Trog
Uskayaw
Vehumet
Xom
Yredelemnul
Zin
Beogh


Innate Abilities, Weirdness & Mutations

You reflexively headbutt those who attack you in melee.
You have a pair of horns on your head.


Message History

You hit the skeletal warrior but do no damage. x2
The skeletal warrior hits you with a halberd!!
* * * LOW HITPOINT WARNING * * *
Unknown command.
You hit the skeletal warrior.
The skeletal warrior is heavily damaged.
You hit the skeletal warrior. You closely miss the skeletal warrior.
The skeletal warrior hits you with a mace.
* * * LOW HITPOINT WARNING * * *
Unknown command.
Unknown command.
Unknown command.
You are too berserk!
Unknown command.
You are too berserk!
You slice the skeletal warrior!!
The skeletal warrior is almost destroyed.
You hit the skeletal warrior. You closely miss the skeletal warrior.
The skeletal warrior hits you with a dire flail!
You die...

#........#
#........#
#...z....# .
#........#
..##........#
............#.......
#..)zz...#........
#...@z...#........#
#........#........#
#..####..#........#
#.. #..#........# #.
#..#........# #.
#...........# #
#...........#
#...........#
#.....).....#


You could see 4 skeletal warriors.

Vanquished Creatures
  A skeletal warrior (D:11)
  Pikel (D:6)
  A centaur skeleton (D:11)
  3 hippogriffs
  3 two-headed ogres
  A vampire (D:9)
  A wyvern (D:9)
  A wraith (D:10)
  4 hungry ghosts
  2 wargs (D:8)
  Menkaure (D:6)
  A black bear (D:9)
  Duvessa (D:6)
  7 orc warriors
  An eye of draining (D:10)
  An ice beast (D:7)
  A sky beast (D:9)
  A necrophage (D:7)
  2 slaves (D:6)
  2 ogres
  5 centaurs
  A big kobold (Sewer)
  Blork the orc (D:4)
  A gnoll sergeant (D:6)
  6 bullfrogs
  A wyvern zombie (D:9)
  3 scorpions
  Dowan (D:6)
  A wyvern skeleton (D:6)
  6 killer bees
  8 wights
  A howler monkey (D:7)
  7 crimson imps
  4 jellies
  3 hounds (D:6)
  13 orc priests
  3 iguanas
  Terence (D:2)
  11 orc wizards
  7 worker ants
  A hound zombie (D:8)
  A hound skeleton (D:8)
  4 gnolls (D:6)
  4 river rats
  8 adders
  3 oozes
  An adder zombie (D:5)
  5 adder skeletons
  A worm (D:3)
  A dart slug (D:2)
  8 leopard geckos
  39 orcs
  12 bats
  10 giant cockroaches
  8 hobgoblins
  13 jackals
  12 kobolds
  7 quokkas
  4 ball pythons
  2 frilled lizards
  9 goblins
  2 jackal skeletons (D:4)
  2 quokka skeletons
  13 rats
290 creatures vanquished.

Notes
Turn   | Place    | Note
-------+----------+-------------------------------------------
     0 | D:1      | protoss039 the Minotaur Berserker began the quest for the Orb.
     0 | D:1      | Reached XP level 1. HP: 19/19 MP: 0/0
   128 | D:1      | Reached XP level 2. HP: 26/27 MP: 1/1
   245 | D:1      | Reached skill level 4 in Axes
   565 | D:2      | Reached ** piety under Trog
   565 | D:2      | Reached XP level 3. HP: 33/33 MP: 2/2
   936 | D:2      | Noticed Terence
   948 | D:2      | Killed Terence
   948 | D:2      | Reached skill level 5 in Axes
   948 | D:2      | Reached XP level 4. HP: 35/41 MP: 3/3
  1032 | D:2      | Found a shattered altar of Ashenzari.
  1668 | D:3      | Found an opulent altar of Gozag.
  1706 | D:3      | Found a glowing drain.
  1716 | D:3      | Reached *** piety under Trog
  1721 | D:3      | Reached XP level 5. HP: 38/47 MP: 4/4
  1742 | Sewer    | Entered a sewer
  1895 | Sewer    | Reached skill level 6 in Axes
  2014 | Sewer    | Found a glowing silver altar of Zin.
  2200 | D:3      | Reached skill level 5 in Fighting
  2200 | D:3      | Reached XP level 6. HP: 38/56 MP: 5/5
  2567 | D:3      | Found a glowing silver altar of Zin.
  2803 | D:4      | Noticed Blork the orc
  2818 | D:4      | Killed Blork the orc
  2822 | D:4      | Found a deep blue altar of Sif Muna.
  2844 | D:4      | Found a basalt altar of Yredelemnul.
  3284 | D:4      | Reached **** piety under Trog
  3322 | D:4      | Reached skill level 7 in Axes
  3322 | D:4      | Reached XP level 7. HP: 25/61 MP: 6/6
  3820 | D:5      | Entered Level 5 of the Dungeon
  3899 | D:5      | Found a shimmering altar of Xom.
  3955 | D:5      | Reached skill level 5 in Armour
  3972 | D:5      | Found a bloodstained altar of Trog.
  3978 | D:5      | Got a dazzling leather armour
  3989 | D:5      | Identified the cursed +1 leather armour of Iveydgh {-Cast Str+4 SInv} (You found it on level 5 of the Dungeon)
  4499 | D:5      | Found a sacrificial altar of Ru.
  4515 | D:5      | Found a hazy altar of Hepliaklqana.
  4526 | D:5      | Found a radiant altar of Vehumet.
  4529 | D:5      | Found an ancient bone altar of Kikubaaqudgha.
  4634 | D:6      | Reached skill level 8 in Axes
  4668 | D:6      | Reached XP level 8. HP: 67/70 MP: 7/7
  4771 | D:6      | Reached skill level 9 in Axes
  4772 | D:6      | Noticed Duvessa
  4775 | D:6      | Noticed Dowan
  4783 | D:6      | Killed Duvessa
  4788 | D:6      | Killed Dowan
  5060 | D:6      | Noticed Menkaure
  5075 | D:6      | Killed Menkaure
  5422 | D:6      | Reached skill level 10 in Axes
  5515 | D:6      | Noticed Pikel
  5540 | D:6      | Killed Pikel
  5540 | D:6      | Reached XP level 9. HP: 50/79 MP: 8/8
  6085 | D:7      | Reached skill level 11 in Axes
  6261 | D:7      | Found a hide-covered altar of Uskayaw.
  6262 | D:7      | Noticed a hand axe
  6262 | D:7      | Noticed a dagger
  6454 | D:7      | Reached ***** piety under Trog
  6843 | D:7      | Found a staircase to the Ecumenical Temple.
  7027 | D:8      | HP: 4/80 [orc warrior/halberd (17)]
  7032 | D:8      | HP: 3/81 [orc warrior/halberd (17)]
  7055 | D:8      | Found a staircase to the Lair.
  7065 | D:8      | Reached skill level 12 in Axes
  7112 | D:8      | Reached XP level 10. HP: 78/90 MP: 9/9
  7190 | D:8      | Reached skill level 10 in Armour
  8218 | D:9      | Found a roughly hewn altar of Beogh.
  8250 | D:9      | Found a staircase to the Orcish Mines.
  8263 | D:9      | Found a roughly hewn altar of Beogh.
  9186 | D:10     | Entered Level 10 of the Dungeon
  9328 | D:10     | Reached skill level 13 in Axes
 10090 | D:11     | Reached XP level 11. HP: 98/99 MP: 10/10
 10233 | D:11     | Reached skill level 10 in Fighting
 10247 | D:11     | Noticed a skeletal warrior
 10248 | D:11     | Noticed a skeletal warrior
 10250 | D:11     | Noticed a skeletal warrior
 10251 | D:11     | Noticed a skeletal warrior
 10263 | D:11     | Noticed a skeletal warrior
 10265 | D:11     | Killed a skeletal warrior
 10268 | D:11     | Slain by a skeletal warrior

Skill      XL: |  1  2  3  4  5  6  7  8  9 10 11 |
---------------+----------------------------------+-----
Fighting       | 4 5 6 7 8 9 10 | 10.1
Axes           | 4 5 6 7 8 10 12 13 | 13.5
Armour         | 3 4 6 8 9 11 12 | 12.0
Dodging        | 3 |  3.8
Stealth        | |  0.1

Action                   |  1- 3 |  4- 6 |  7- 9 | 10-12 || total
-------------------------+-------+-------+-------+-------++-------
Melee: Hand axe          |    96 |   149 |   325 |   331 ||   901
       Headbutt          |    13 |    23 |    62 |    98 ||   196
Invok: Burn Spellbooks   |       |     1 |       |       ||     1
       Berserk           |       |       |     4 |     4 ||     8
       Trog's Hand       |       |       |     2 |     2 ||     4
Evoke: Wand              |       |       |       |     1 ||     1
  Use: Potion            |       |     2 |     3 |     1 ||     6
       Scroll            |       |     8 |     6 |     3 ||    17
  Eat: Chunk             |       |     8 |    23 |    17 ||    48
       Royal jelly       |       |       |       |     1 ||     1
Armor: Ring mail         |    40 |    24 |       |       ||    64
       Animal skin       |     2 |       |       |       ||     2
       Plate armour      |       |    18 |   166 |   150 ||   334
Dodge: Dodged            |    83 |    87 |   138 |    97 ||   405
